 Dungeon Crawl Stone Soup version 0.30-a0-1050-g2766ea1e55 (webtiles) character file.

Game seed: 14926374948978023744

8700 Ic0nGaming the Unseen (level 11, 0/85 (90) HPs)
             Began as a Kobold Fighter on Apr 10, 2023.
             Was a Believer of Nemelex Xobeh.
             Slain by a hell rat (12 damage)
             ... on level 8 of the Dungeon.
             The game lasted 00:28:46 (10800 turns).

Ic0nGaming the Unseen (Kobold Fighter)             Turns: 10800, Time: 00:28:47

HP:   0/85 (90)     AC: 25    Str: 13    XL:     11   Next: 60%
MP:   14/14         EV:  3    Int: 11    God:    Nemelex Xobeh [**....]
Gold: 746           SH:  0    Dex: 18    Spells: 10/10 levels left

rFire   + . .      SeeInvis .    u - +9 quick blade (drain)
rCold   . . .      Faith    .    m - +1 kite shield
rNeg    . . .      Spirit   .    r - melded +3 leather armour {Will+}
rPois   +          Reflect  .    f - melded +0 helmet
rElec   .          Rampage  .    t - melded +1 cloak
rCorr   .          NoTele   +    p - melded +0 pair of gloves
Will    .....                    o - melded +1 pair of boots
Stlth   +++                      (no amulet)
HPRegen 0.34/turn                B - ring of protection from fire
MPRegen 0.14/turn                (no ring)

@: confused, tree-form, ambrosia-drunk, drained
A: stationary, stasis, torment immunity, boosted hp, small, no large weapons,
nightstalker 3
a: Renounce Religion, Draw Escape, Draw Destruction, Draw Summoning


You were on level 8 of the Dungeon.
You worshipped Nemelex Xobeh.
Nemelex Xobeh was pleased with you.
You were a tree.
You visited 3 branches of the dungeon, and saw 11 of its levels.
You also visited: Sewer and Ossuary.

You collected 746 gold pieces.

Inventory:

Hand Weapons
 a - a +2 rapier of draining
 u - a +9 quick blade of draining (weapon)
Missiles
 n - 8 poisoned darts (quivered)
Armour
 f - a +0 helmet (melded)
 m - a +1 kite shield (worn)
 o - a +1 pair of boots (melded)
 p - a +0 pair of gloves (melded)
 r - a +3 leather armour of willpower (melded)
 t - a +1 cloak (melded)
Jewellery
 B - a ring of protection from fire (left branch)
Wands
 i - a wand of flame (32)
 l - a wand of light (15)
 x - a wand of polymorph (11)
 y - a wand of mindburst (5)
Scrolls
 v - a scroll of fog
 w - 5 scrolls of teleportation
Potions
 b - 3 potions of flight
 d - 3 potions of might
 e - 4 potions of cancellation
 g - 4 potions of attraction
 j - a potion of haste
 k - 7 potions of brilliance
 s - a potion of resistance
 A - a potion of invisibility


   Skills:
 - Level 3.2 Fighting
 - Level 10.9 Short Blades
 - Level 2.4 Armour
 - Level 15.0 Stealth
 - Level 8.0 Shields
 + Level 4.5 Invocations
 + Level 5.0 Evocations


You had 10 spell levels left.
You didn't know any spells.
Your spell library contained the following spells:

 Spells                   Type           Power      Damage    Failure   Level
 Apportation              Tloc           0%         N/A       78%         1
 Magic Dart               Conj           0%         1d3       78%         1
 Necrotise                Necr           0%         1d4       78%         1
 Searing Ray              Conj           0%         2d4       89%         2
 Dazzling Flash           Conj/Hex       0%         N/A       98%         3
 Vampiric Draining        Necr           0%         2d6       98%         3
 Flame Wave               Conj/Fire      0%         2d4       100%        4
 Fulminant Prism          Conj/Hex       0%         3d5       100%        4
 Sticky Flame             Conj/Fire      0%         2d3       100%        4
 Agony                    Necr           0%         N/A       100%        5
 Alistair's Intoxication  Tmut/Pois      0%         N/A       100%        5
 Starburst                Conj/Fire      0%         6d3       100%        6


Dungeon Overview and Level Annotations

Branches:
Dungeon (9/15)             Temple (1/1) D:6            Lair (1/5) D:8
  Sewer (visited)         Ossuary (visited)
    Orc: D:9-12

Altars:
Ashenzari
Cheibriados
Dithmenos
Elyvilon
Fedhas
Gozag
Hepliaklqana
Kikubaaqudgha
Makhleb
Nemelex Xobeh
Okawaru
Qazlal
Ru
Sif Muna
Trog
Uskayaw
Vehumet
Wu Jian
Yredelemnul
Zin
The Shining One

Shops:
D:9 (


Innate Abilities, Weirdness & Mutations

You are a tree.
Your roots penetrate the ground, keeping you stationary.
You cannot be teleported.
You are immune to unholy pain and torment.
Your maximum health is greatly increased.
Your equipment is partially melded.
You are small and have problems with some larger weapons.
You are completely attuned to the shadows.


Message History

You hit the hell rat but do no damage.
The hell rat is lightly wounded.
A nearby plant withers and dies.
You block the hell rat's attack. The hell rat misses you.
You barely miss the hell rat.
The hell rat is lightly wounded.
You hit the hell rat but do no damage.
The hell rat is lightly wounded.
The hell rat bites you!
* * * LOW HITPOINT WARNING * * *
You block the hell rat's attack.
You puncture the hell rat!
The hell rat is almost dead.
You feel better. The hell rat barely misses you.
You block the hell rat's attack. The hell rat bites you!
* * * LOW HITPOINT WARNING * * *
You feel drained.
* * * LOW HITPOINT WARNING * * *
The hell rat misses you.
Okay, then.
Okay, then.
Really quaff the potion of lignification?
You turn into a tree.
Your +1 cloak melds into your body.
Your +0 helmet melds into your body.
Your +0 pair of gloves melds into your body.
Your +1 pair of boots melds into your body.
Your +3 leather armour of willpower melds into your body.
You feel less strong-willed.
Your roots penetrate the ground.
You block the hell rat's attack.
The hell rat bites you but does no damage.
You are confused.
You feel invigorated.
The hell rat bites you but does no damage. x2
The hell rat bites you but does no damage.
The hell rat bites you.
* * * LOW HITPOINT WARNING * * *
The hell rat bites you but does no damage.
The hell rat bites you!
You die...
Your body disappears without a glow.

.......#.##..##.....#....##.#.##.
....##.#.##..##..........##.#.##.
....##.#.##..##.....####.##.#.##.
##...........##.....# #.##.#.##.
##..####.#.#############.##.#.##.
##..# #..[##PPPPPPPPP##......##.
...<# #.[.#PPPPPPP..PP#.........
###)# #......PPPr.>.PP#.##.####.
###.####......P.♣r..PPP####......
##.....####........PP..# ######.
##.....# ###......PP...# #.
##.....###.##.........##### #.
...........####.....####..# #.
#.........................# #.
#..[......(...............# ##
........................###
..........###...........#


You could see 2 hell rats.

Vanquished Creatures
  A hydra (Lair:1)
  A manticore (D:8)
  A komodo dragon (D:8)
  A polar bear (Lair:1)
  Prince Ribbit (D:6)
  A hornet (D:9)
  A vampire (D:9)
  A wyvern (Lair:1)
  9 yaks
  Eustachio (D:4)
  A steam dragon (D:7)
  Menkaure (D:4)
  Edmund (D:6)
  An acid dragon (D:9)
  2 water moccasins
  A sky beast (D:8)
  3 orc warriors (D:8)
  3 black bears
  2 ogres
  An ice beast (D:6)
  6 wolves (Lair:1)
  A centaur (D:9)
  A phantom (D:4)
  A kobold brigand (D:7)
  6 bullfrogs
  2 gnoll sergeants
  A scorpion (D:5)
  13 wights
  16 killer bees
  2 howler monkeys (D:9)
  A hound (D:5)
  4 orc priests
  2 iguanas (D:7)
  5 orc wizards
  4 sleepcaps
  3 hell rats (Lair:1)
  8 mummies (Ossuary)
  5 adders
  11 gnolls
  3 white imps
  An ufetubus (D:5)
  4 dart slugs
  20 orcs
  10 ball pythons
  3 endoplasms
  3 giant cockroaches
  7 goblins
  7 hobgoblins
  10 jackals
  11 kobolds
  9 quokkas
  3 bats
  3 frilled lizards
  5 hobgoblin zombies (Ossuary)
  3 orc zombies (Ossuary)
  5 rats
233 creatures vanquished.

Vanquished Creatures (others)
  A fungus (Lair:1)
  10 plants (D:8)
11 creatures vanquished.

Grand Total: 244 creatures vanquished

Notes
Turn   | Place    | Note
-------+----------+-------------------------------------------
     0 | D:1      | Ic0nGaming the Kobold Fighter began the quest for the Orb.
     0 | D:1      | Reached XP level 1. HP: 14/14 MP: 1/1
   220 | D:1      | Reached XP level 2. HP: 19/19 MP: 2/2
   550 | D:1      | Reached XP level 3. HP: 18/23 MP: 3/3
  1244 | D:2      | Noticed an ice devil
  1248 | D:2      | Found a faded altar of an unknown god.
  1327 | D:2      | Reached skill level 5 in Short Blades
  2208 | D:3      | Identified a scroll of acquirement
  2208 | D:3      | Acquired the +4 rapier of a Million Youths {spect, rCorr}
  2415 | D:3      | Reached XP level 4. HP: 28/28 MP: 4/4
  2606 | D:3      | Found a large runed translucent door.
  2608 | D:3      | Found a large runed translucent door.
  3083 | D:3      | Noticed a gnoll sergeant
  3093 | D:3      | Killed a gnoll sergeant
  3094 | D:3      | Reached XP level 5. HP: 19/32 MP: 5/5
  3376 | D:3      | Found a hide-covered altar of Uskayaw.
  3384 | D:3      | Found a glowing golden altar of the Shining One.
  3536 | D:4      | Reached XP level 6. HP: 27/37 MP: 6/6
  3628 | D:4      | Noticed Menkaure
  3634 | D:4      | Killed Menkaure
  3642 | D:4      | Noticed Eustachio
  3655 | D:4      | Killed Eustachio
  3656 | D:4      | Reached XP level 7. HP: 36/41 MP: 7/7
  3676 | D:4      | Found a sand-covered staircase.
  3691 | Ossuary  | Entered an ossuary
  3726 | Ossuary  | Reached skill level 10 in Short Blades
  4104 | Ossuary  | Acquired a +5 quick blade of draining
  4690 | D:4      | Reached XP level 8. HP: 46/46 MP: 8/8
  4756 | D:5      | Entered Level 5 of the Dungeon
  4782 | D:5      | Found a glowing drain.
  4805 | Sewer    | Entered a sewer
  5314 | D:5      | Reached skill level 5 in Shields
  5632 | D:6      | Found a staircase to the Ecumenical Temple.
  5638 | Temple   | Entered the Ecumenical Temple
  5689 | Temple   | Became a worshipper of Nemelex Xobeh the Trickster
  5815 | D:6      | Noticed Edmund
  5850 | D:6      | Reached XP level 9. HP: 22/51 MP: 9/9
  5957 | D:6      | Killed Edmund
  6344 | D:6      | Noticed Prince Ribbit
  6349 | D:6      | Killed Prince Ribbit
  6633 | D:7      | Reached skill level 1 in Stealth
  6642 | D:7      | Reached skill level 2 in Stealth
  6704 | D:7      | Reached skill level 3 in Stealth
  6831 | D:7      | Reached skill level 4 in Stealth
  6862 | D:7      | Reached skill level 5 in Stealth
  6884 | D:7      | Reached skill level 6 in Stealth
  6890 | D:7      | Reached XP level 10. HP: 53/56 MP: 10/10
  6908 | D:7      | Reached skill level 7 in Stealth
  6990 | D:7      | Reached * piety under Nemelex Xobeh
  7022 | D:7      | Reached skill level 8 in Stealth
  7266 | D:7      | Found a burning altar of Makhleb.
  7273 | D:7      | Found a stormy altar of Qazlal.
  7279 | D:7      | Found a shadowy altar of Dithmenos.
  7282 | D:7      | Found a shimmering blue altar of Sif Muna.
  7342 | D:7      | Reached skill level 9 in Stealth
  7431 | D:7      | You fall into a shaft and drop 2 floors!
  7431 | D:9      | Found Ilext's Weapon Shoppe.
  7539 | D:9      | Reached skill level 10 in Stealth
  7829 | D:7      | Received a gift from Nemelex Xobeh
  8045 | D:7      | Reached ** piety under Nemelex Xobeh
  8264 | D:8      | Noticed a manticore
  8486 | D:8      | Reached skill level 11 in Stealth
  9160 | D:8      | Found a staircase to the Lair.
  9161 | D:8      | Noticed a komodo dragon
  9171 | D:8      | Killed a komodo dragon
  9172 | D:8      | Reached skill level 12 in Stealth
  9206 | D:8      | Killed a manticore
  9315 | D:8      | Got the Elucidation of Lava and Battle Magic
  9410 | D:9      | Reached skill level 13 in Stealth
  9418 | D:9      | Reached XP level 11. HP: 44/60 MP: 11/11
  9425 | D:9      | Reached skill level 14 in Stealth
  9835 | D:9      | HP: 3/60 [something (5)]
  9841 | D:9      | Reached skill level 15 in Stealth
 10077 | Lair:1   | Entered Level 1 of the Lair of Beasts
 10110 | Lair:1   | Reached skill level 1 in Invocations
 10110 | Lair:1   | Reached skill level 1 in Evocations
 10113 | Lair:1   | Noticed an eight-headed hydra
 10155 | Lair:1   | Killed an eight-headed hydra
 10472 | Lair:1   | Received a gift from Nemelex Xobeh
 10788 | D:8      | Reached skill level 5 in Evocations
 10796 | D:8      | HP: 2/57 [hell rat (3)]
 10800 | D:8      | Slain by a hell rat

Illustrated notes

Levels and vault maps discovered:
D:1:      dpeg_arrival_snail, layout_loops_cross
D:2:      layout_loops_corners, dreamdust_ecumenical_altar_sealed_demon,
          chequers_arboretum, chequers_big_river
D:3:      layout_basic, jmf_multi_god_temple2
D:4:      layout_basic, enter_ossuary_5, uniq_menkaure, uniq_eustachio
D:5:      layout_rooms, cheibrodos_sewer_entry_sluice
D:6:      layout_cave_pools, minmay_temple_entry_trees, uniq_edmund,
          uniq_prince_ribbit1
D:7:      layout_loops_ring, grunt_temple_overflow_cloverleaf
D:8:      layout_basic, david_lair_shrubbed
D:9:      layout_roguey, xom_shifter_show, serial_shops, shop
Temple:   hellmonk_temple_two_chambers
Lair:1:   layout_big_grid

Skill      XL: |  1  2  3  4  5  6  7  8  9 10 11 |
---------------+----------------------------------+-----
Short Blades   | 3 4 5 7 9 10 | 10.9
Shields        | 3 6 8 |  8.0
Stealth        | 6 13 15 | 15.0
Invocations    | 4 |  4.5
Evocations     | 5 |  5.0
Fighting       | |  3.2
Armour         | |  2.4

Action                     |  1- 3 |  4- 6 |  7- 9 | 10-12 || total
---------------------------+-------+-------+-------+-------++-------
  Melee: Rapier            |   131 |    59 |    38 |       ||   228
         Quick blade       |       |       |   259 |   307 ||   566
  Throw: Dart              |       |     4 |     8 |       ||    12
  Evoke: Wand              |       |     5 |     5 |    10 ||    20
    Use: Scroll            |    10 |     4 |    12 |     8 ||    34
         Potion            |       |     1 |     4 |     9 ||    14
   Stab: Distracted        |       |     1 |     1 |     1 ||     3
         Invisible         |       |     2 |       |       ||     2
         Sleeping          |       |       |     7 |    22 ||    29
 Armour: Scale mail        |    48 |    18 |       |       ||    66
         Leather armour    |       |       |    43 |    52 ||    95
         Skin              |       |       |       |     5 ||     5
  Dodge: Dodged            |    48 |    25 |    59 |    98 ||   230
  Block: Buckler           |    27 |    10 |    17 |       ||    54
         Kite shield       |       |       |    57 |   171 ||   228

Table legend: (Time is in decaauts)
 A = Elapsed time spent in this place.
 B = Non-inter-level travel time spent in this place.
 C = Inter-level travel time spent in this place.
 D = Time resting spent in this place.
 E = Time spent auto-exploring this place.
 F = Levels seen in this place.
 G = Mean time per level.
                   A        B        C        D        E       F      G
               +--------+--------+--------+--------+--------+-----+--------+
         Total |  10520 |  10156 |    364 |   2500 |   5503 |  13 |  809.2 |
       Dungeon |   9130 |   8767 |    363 |   1992 |   5037 |   9 | 1014.4 |
        Temple |     65 |     65 |      0 |      0 |     18 |   1 |   65.0 |
          Lair |    659 |    659 |      0 |    236 |    235 |   1 |  659.0 |
         Sewer |    235 |    235 |      0 |     35 |    137 |   1 |  235.0 |
       Ossuary |    429 |    429 |      0 |    237 |     76 |   1 |  429.0 |
               +--------+--------+--------+--------+--------+-----+--------+

Top non-repeatable levels by time:
     D:7: 1492 daAuts
     D:2: 1397 daAuts
     D:3: 1181 daAuts
     D:8: 1066 daAuts
     D:4: 868 daAuts
     D:6: 863 daAuts
     D:1: 858 daAuts
     D:9: 782 daAuts
  Lair:1: 659 daAuts
     D:5: 620 daAuts
 Ossuary: 429 daAuts
   Sewer: 235 daAuts
  Temple: 65 daAuts
